 Dungeon Crawl Stone Soup version 0.31-a0-1591-g515db51633 (webtiles) character file.

Game seed: 6844360328395944228

1077 gelatine the Shooter (level 8, -2/60 HPs)
             Began as a Demonspawn Hunter on Jan 7, 2024.
             Slain by Maggie
             ... wielding a +5 morningstar of flaming
              (6 damage)
             ... on level 7 of the Dungeon.
             The game lasted 00:09:42 (4300 turns).

gelatine the Shooter (Demonspawn Hunter)            Turns: 4300, Time: 00:09:45

Health: -2/60      AC: 13    Str: 12    XL:     8   Next: 8%
Magic:  9/9        EV: 11    Int: 16    God:
Gold:   199        SH:  0    Dex: 18    Spells: 9/9 levels left

rFire   . . .        a - +0 shortbow
rCold   . . .        (shield currently unavailable)
rNeg    . . .        C - +0 ring mail {Will+}
rPois   .            (no helmet)
rElec   .            w - +0 cloak
rCorr   .            (no gloves)
SInv    .            t - +0 pair of boots
Will    +....        v - amulet of the acrobat
Stlth   ++           k - +6 ring of intelligence
HPRegen 0.30/turn    q - +4 ring of protection
MPRegen 0.11/turn

%: acrobat
@: weakened, mesmerised, hasted, very quick
A: thin metallic scales 1, powered by death 1, spiny 2, demonic touch 2
a: no special abilities


You were on level 7 of the Dungeon.
You visited 2 branches of the dungeon, and saw 8 of its levels.

You collected 266 gold pieces.
You spent 67 gold pieces at shops.

Inventory:

Hand Weapons
 a - a +0 shortbow (weapon)
 l - a +0 sling
Armour
 t - a +0 pair of boots (worn)
 w - a +0 cloak (worn)
 C - a +0 ring mail of willpower (worn)
Jewellery
 k - a +6 ring of intelligence (left hand)
 q - a +4 ring of protection (right hand)
 v - an amulet of the acrobat (around neck)
 y - a ring of ice
 D - a ring of positive energy
 H - a ring of fire
Wands
 d - a wand of charming (18)
 F - a wand of polymorph (12)
 G - a wand of roots (11)
Scrolls
 b - a scroll of butterflies
 h - 2 scrolls of immolation {unknown}
 j - 3 scrolls of revelation {unknown}
 m - 3 scrolls of vulnerability {unknown}
 n - 3 scrolls of noise {unknown}
 r - 3 scrolls of blinking {unknown}
 s - a scroll of poison {unknown}
 u - a scroll of enchant weapon {unknown}
 A - a scroll of fog {unknown}
 B - a scroll of enchant armour {unknown}
 E - 2 scrolls of silence {unknown}
Potions
 g - 3 potions of haste
 i - 2 potions of resistance {unknown}
 o - 4 potions of might {unknown}
 p - a potion of brilliance {unknown}
 x - 5 potions of heal wounds {unknown}
 z - a potion of magic {unknown}


   Skills:
 * Level 3.8 Fighting
 * Level 7.4 Ranged Weapons
 * Level 2.1 Armour
 * Level 3.0 Dodging
 * Level 2.8 Stealth
 * Level 1.0 Spellcasting
 * Level 1.1 Evocations


You had 9 spell levels left.
You didn't know any spells.
Your spell library contained the following spells:

 Spells                   Type           Power      Damage    Failure   Level
 Apportation              Tloc           0%         N/A       45%         1
 Jinxbite                 Hex            0%         N/A       58%         2
 Alistair's Intoxication  Alch           0%         N/A       100%        5


Dungeon Overview and Level Annotations

Branches:
Dungeon (7/15)             Temple (1/1) D:6

Altars:
Cheibriados
Dithmenos
Fedhas
Gozag
Hepliaklqana
Kikubaaqudgha
Makhleb
Nemelex Xobeh
Sif Muna
Trog
Uskayaw
Wu Jian
Xom
Yredelemnul

Shops:
D:3 :[*(

Annotations:
D:7 Maggie


Innate Abilities, Weirdness & Mutations

You are partially covered in thin metallic scales. (AC +2)
You regenerate a little health from kills.
You are mostly covered in sharp spines.
Your touch may inflict irresistible damage on your foes.


Message History

Roots grab Maggie.
Roots grab the shadow imp.
Roots grab the gnoll bouda.
The grasping roots constrict Maggie.
The grasping roots constrict the shadow imp.
The grasping roots constrict the gnoll bouda.
You hear a shout!
The gnoll hits you but does no damage. Maggie is struck by your spines.
Maggie hits you but does no damage.
You cannot move away from Maggie!
Unknown command.
You are too injured to fight recklessly!
You are too injured to fight recklessly!
You are too injured to fight recklessly!
You are too injured to fight recklessly!
You are too injured to fight recklessly!
Fire: a) +0 shortbow
Press: ? - help, Q - select action, (/) - cycle Shift-Dir - straight line, f/p - Maggie
Aim: Maggie, wielding a +5 morningstar of flaming and wearing +0 steam dragon scales (severely wounded, mesmerising, constricted by roots, 91% to hit)
You shoot an arrow. The arrow hits Maggie.
Maggie is almost dead.
The grasping roots constrict Maggie.
The grasping roots constrict the shadow imp.
You kill the shadow imp!
The grasping roots constrict the gnoll bouda.
The roots release their grip on Maggie.
The roots release their grip on the gnoll bouda.
The gnoll bouda gazes fiercely through you!
You feel as though you will be weak longer.
The gnoll closely misses you. Maggie casts a spell at you.
The bolt of fire hits you!
* * * LOW HITPOINT WARNING * * *
It was a potion of haste.
You feel yourself speed up.
The gnoll hits you from afar with a +0 halberd.
* * * LOW HITPOINT WARNING * * *
Maggie is struck by your spines.
Maggie hits you with a +5 morningstar of flaming!
* * * LOW HITPOINT WARNING * * *
Maggie burns you.
You die...

.≈≈..§§ ...§_.. #
.≈≈.!.≈
#.#####.≈.....
#.........≈.§.
#.....gg.≈≈.≈§
#....ggg......
#.####@##.....
###@####..#
####........##
#......~.####
#.#......#
#.#...§..#
#######.##.....# ..
+.......##.....#
....###.....########
............#


You could see Maggie (mesmerising), a gnoll bouda and 4 gnolls.

Vanquished Creatures
  2 water moccasins
  2 sky beasts
  2 ogres
  A bullfrog (D:7)
  A scorpion (D:5)
  A hound (D:5)
  2 jellies
  A sleepcap (D:6)
  An orc wizard (D:3)
  2 iguanas
  9 adders
  2 shadow imps
  5 ribbon worms
  7 dart slugs
  14 orcs
  4 endoplasms
  3 giant cockroaches
  5 goblins
  6 hobgoblins
  7 quokkas
  6 ball pythons
  3 bats
  2 frilled lizards
  2 kobolds
  4 rats
94 creatures vanquished.

Notes
Turn   | Place    | Note
-------+----------+-------------------------------------------
     0 | D:1      | gelatine the Demonspawn Hunter began the quest for the Orb.
     0 | D:1      | Reached XP level 1. HP: 16/16 MP: 1/1
   192 | D:1      | You fall into a shaft and drop 1 floor!
   199 | D:2      | Reached skill level 4 in Ranged Weapons
   199 | D:2      | Reached skill level 1 in Stealth
   199 | D:2      | Gained mutation: Your touch may inflict minor irresistible
                  | damage on your foes. [demonic ancestry]
   199 | D:2      | Reached XP level 2. HP: 22/22 MP: 2/2
   538 | D:2      | Found a faded altar of an unknown god.
   575 | D:2      | Found a hazy altar of Hepliaklqana.
   659 | D:2      | Gained mutation: You are partially covered in sharp spines.
                  | [demonic ancestry]
   659 | D:2      | Reached XP level 3. HP: 21/27 MP: 3/3
  1126 | D:3      | Found Futzef's Antique Weapon Boutique.
  1137 | D:3      | Noticed an ogre
  1142 | D:3      | Killed an ogre
  1143 | D:3      | Reached skill level 1 in Armour
  1143 | D:3      | Gained mutation: You regenerate a little health from kills.
                  | [demonic ancestry]
  1143 | D:3      | Reached XP level 4. HP: 34/34 MP: 4/4
  1187 | D:3      | Gained mutation: Your touch may inflict irresistible damage
                  | on your foes. [demonic ancestry]
  1187 | D:3      | Reached XP level 5. HP: 37/39 MP: 5/5
  1376 | D:3      | Reached skill level 5 in Ranged Weapons
  1435 | D:3      | Found Jarghiehut's General Store.
  1444 | D:3      | Bought a scroll of identify for 22 gold pieces
  1567 | D:3      | Found Ubas's Armour Shop.
  1603 | D:3      | Bought a +0 cloak for 45 gold pieces
  1625 | D:3      | Found a basalt altar of Yredelemnul.
  1649 | D:3      | Found Viugyret's Book Emporium.
  2071 | D:4      | Noticed a water moccasin
  2078 | D:4      | Killed a water moccasin
  2079 | D:4      | Gained mutation: You are mostly covered in sharp spines.
                  | [demonic ancestry]
  2079 | D:4      | Reached XP level 6. HP: 47/47 MP: 6/6
  2570 | D:5      | Entered Level 5 of the Dungeon
  2661 | D:5      | Reached skill level 6 in Ranged Weapons
  2978 | D:5      | Reached XP level 7. HP: 42/52 MP: 7/7
  3114 | D:5      | Found a bloodstained altar of Trog.
  3115 | D:5      | Found a burning altar of Makhleb.
  3383 | D:5      | Found a shimmering altar of Xom.
  3439 | D:5      | Found a sparkling altar of Nemelex Xobeh.
  3525 | D:6      | Found a staircase to the Ecumenical Temple.
  3570 | Temple   | Entered the Ecumenical Temple
  3707 | D:6      | Reached skill level 7 in Ranged Weapons
  4268 | D:7      | Reached skill level 1 in Evocations
  4268 | D:7      | Gained mutation: You are partially covered in thin metallic
                  | scales. (AC +2) [demonic ancestry]
  4268 | D:7      | Reached XP level 8. HP: 60/60 MP: 9/9
  4273 | D:7      | Found a shimmering blue altar of Sif Muna.
  4279 | D:7      | Noticed Maggie
  4291 | D:7      | Reached skill level 1 in Spellcasting
  4300 | D:7      | Slain by Maggie

Illustrated notes

Levels and vault maps discovered:
D:1:      eino_arrival_water_star, layout_loops_corners
D:2:      kennysheep_six_static_rooms, layout_basic,
          ebering_ecumenical_altar_webs, basic_altar
D:3:      layout_basic, marbit_many_paths, serial_shops, nicolae_shop_crystal,
          nicolae_shop_scrapyard, shop, nicolae_lakefront_shop,
          grunt_decor_resistance
D:4:      layout_loops_cross, minmay_close_crescents
D:5:      layout_loops_cross, mainiacjoe_overflow_surrounded_room,
          kennysheep_little_box, minitemple, grunt_decor_arrowhead
D:6:      layout_basic, minmay_temple_entry_purple_smoke, serial_curves,
          eino_curves_01, eino_curves_01
D:7:      layout_basic, nicolae_ru_awakened_eye,
          nicolae_qazlal_scattered_showers, mainiacjoe_overflow_small_starburst,
          uniq_menkaure, uniq_maggie, uniq_pikel
Temple:   nicolae_temple_bog_church

Skill      XL: |  1  2  3  4  5  6  7  8 |
---------------+-------------------------+-----
Ranged Weapons | 4 5 6 7 |  7.4
Stealth        | 1 2 |  2.8
Armour         | 1 2 |  2.1
Dodging        | 2 3 |  3.0
Fighting       | 3 |  3.8
Evocations     | 1 |  1.1
Spellcasting   | 1 |  1.0

Action                     |  1- 3 |  4- 6 |  7- 9 || total
---------------------------+-------+-------+-------++-------
   Fire: Shortbow          |    86 |   146 |    71 ||   303
  Evoke: Wand              |       |       |     1 ||     1
    Use: Scroll            |       |     1 |     2 ||     3
         Potion            |       |       |     1 ||     1
 Armour: Leather armour    |     9 |    20 |       ||    29
         Ring mail         |       |    10 |    22 ||    32
  Dodge: Dodged            |    10 |    25 |    15 ||    50

Table legend: (Time is in decaauts)
 A = Elapsed time spent in this place.
 B = Non-inter-level travel time spent in this place.
 C = Inter-level travel time spent in this place.
 D = Time resting spent in this place.
 E = Time spent auto-exploring this place.
 F = Levels seen in this place.
 G = Mean time per level.
                   A        B        C        D        E       F      G
               +--------+--------+--------+--------+--------+-----+--------+
         Total |   4359 |   4197 |    162 |      0 |   3515 |   8 |  544.9 |
       Dungeon |   4357 |   4195 |    162 |      0 |   3515 |   7 |  622.4 |
        Temple |      1 |      1 |      0 |      0 |      0 |   1 |    1.0 |
               +--------+--------+--------+--------+--------+-----+--------+

Top non-repeatable levels by time:
     D:5: 930 daAuts
     D:2: 894 daAuts
     D:3: 788 daAuts
     D:6: 748 daAuts
     D:4: 729 daAuts
     D:1: 194 daAuts
     D:7: 71 daAuts
  Temple: 1 daAuts
